| TOP OF THE 1ST |
|
New York Mets batting - Pitching for Philadelphia Phillies : LHP Marko Emchenko
|
|
Pitching: LHP Marko Emchenko
|
|
|
Batting: SHB Nelle van den Berg
|
0-0: Swinging Strike 0-1: Ball 1-1: Ball 2-1: Called Strike 2-2: Ground out 6-3 (Groundball, 6M, EV 81.9 MPH)
|
|
Batting: SHB Gus Berry
|
0-0: Foul Ball, location: 2F 0-1: Foul Ball, location: 2F 0-2: Ball 1-2: Ball 2-2: Ground out 5-3 (Groundball, 56, EV 93.1 MPH)
|
|
Batting: SHB Sean Cook
|
0-0: Called Strike 0-1: Ball 1-1: Foul Ball, location: 2F 1-2: SINGLE (Groundball, 6S, EV 65.6 MPH) (infield hit)
|
|
Batting: RHB Jesus Chavez
|
0-0: Hit by Pitch Sean Cook to second
|
|
Batting: SHB Jonathan Jenkins
|
0-0: Ball 1-0: Ball 2-0: Ground out 5-3 (Groundball, 5S, EV 88.1 MPH)
|
| Top of the 1st over - 0 runs, 1 hit, 0 errors, 2 left on base; New York 0 - Philadelphia 0 |
| BOTTOM OF THE 1ST |
|
Philadelphia Phillies batting - Pitching for New York Mets : RHP Chris Painter
|
|
Pitching: RHP Chris Painter
|
|
|
Batting: SHB Billy Encinias
|
0-0: Ball 1-0: Foul Ball, location: 2F 1-1: Ball 2-1: Foul Ball, location: 2F 2-2: Ball 3-2: Ground out 6-3 (Groundball, 6, EV 82.5 MPH)
|
|
Batting: LHB Nick Canizales
|
0-0: Called Strike 0-1: Ground out 4-3 (Groundball, 4, EV 81.2 MPH)
|
|
Batting: LHB Xavier Pittman
|
0-0: Ball 1-0: Foul Ball, location: 2F 1-1: Fly out, F4 (Line Drive, 4M, EV 67.5 MPH)
|
| Bottom of the 1st over - 0 runs, 0 hits, 0 errors, 0 left on base; New York 0 - Philadelphia 0 |
| TOP OF THE 2ND |
|
New York Mets batting - Pitching for Philadelphia Phillies : LHP Marko Emchenko
|
|
Batting: SHB Roberto Magne
|
0-0: Ball 1-0: Ball 2-0: Called Strike 2-1: Foul Ball, location: 2F 2-2: Ground out 1-3 (Groundball, 34S, EV 65.0 MPH)
|
|
Batting: SHB Scott Scott
|
0-0: Ball 1-0: Ball 2-0: Ball 3-0: Called Strike 3-1: Fly out, F4 (Line Drive, 4M, EV 70.6 MPH)
|
|
Batting: LHB Sal Fernandez
|
0-0: Ball 1-0: Foul Ball, location: 2F 1-1: Foul Ball, location: 2F 1-2: Foul Ball, location: 2F 1-2: Strikes out swinging
|
| Top of the 2nd over - 0 runs, 0 hits, 0 errors, 0 left on base; New York 0 - Philadelphia 0 |
| BOTTOM OF THE 2ND |
|
Philadelphia Phillies batting - Pitching for New York Mets : RHP Chris Painter
|
|
Batting: LHB Osamu Kubo
|
0-0: Hit by Pitch
|
|
Batting: SHB Lance Franklin
|
0-0: Ball Osamu Kubo is caught stealing 2nd base 2-6 1-0: Ball 2-0: Called Strike 2-1: Foul Ball, location: 2F 2-2: Foul Ball, location: 2F 2-2: Ball 3-2: Ground out U3 (Groundball, 34, EV 86.9 MPH)
|
|
Batting: LHB Eric Katz
|
0-0: Foul Ball, location: 2F 0-1: Foul Ball, location: 2F 0-2: Strikes out swinging
|
| Bottom of the 2nd over - 0 runs, 0 hits, 0 errors, 0 left on base; New York 0 - Philadelphia 0 |
| TOP OF THE 3RD |
|
New York Mets batting - Pitching for Philadelphia Phillies : LHP Marko Emchenko
|
|
Batting: SHB Scott Bartholomew
|
0-0: Called Strike 0-1: Ball 1-1: Foul Ball, location: 2F 1-2: Ground out 6-3 (Groundball, 6S, EV 69.4 MPH)
|
|
Batting: SHB Nelle van den Berg
|
0-0: Called Strike 0-1: Hit by Pitch
|
|
Batting: SHB Gus Berry
|
0-0: Ball Nelle van den Berg steals 2nd base 1-0: Called Strike 1-1: Called Strike 1-2: Strikes out looking
|
|
Batting: SHB Sean Cook
|
0-0: Ball 1-0: Foul Ball, location: 2F 1-1: Ball 2-1: Ball 3-1: Base on Balls
|
|
Batting: RHB Jesus Chavez
|
0-0: Fly out, F4 (Line Drive, 4, EV 73.1 MPH)
|
| Top of the 3rd over - 0 runs, 0 hits, 0 errors, 2 left on base; New York 0 - Philadelphia 0 |
| BOTTOM OF THE 3RD |
|
Philadelphia Phillies batting - Pitching for New York Mets : RHP Chris Painter
|
|
Batting: LHB Ryan Trombley
|
0-0: Ground out 6-3 (Groundball, 6, EV 86.2 MPH)
|
|
Batting: RHB Josh Hensley
|
0-0: Foul Ball, location: 2F 0-1: Swinging Strike 0-2: Strikes out swinging
|
|
Batting: RHB Melchor Sovrivilla
|
0-0: Ball 1-0: Foul Ball, location: 2F 1-1: Ground out U3 (Groundball, 13, EV 78.1 MPH)
|
| Bottom of the 3rd over - 0 runs, 0 hits, 0 errors, 0 left on base; New York 0 - Philadelphia 0 |
| TOP OF THE 4TH |
|
New York Mets batting - Pitching for Philadelphia Phillies : LHP Marko Emchenko
|
|
Batting: SHB Jonathan Jenkins
|
0-0: Called Strike 0-1: Swinging Strike 0-2: Ball 1-2: Ball 2-2: Foul Ball, location: 2F 2-2: Foul Ball, location: 2F 2-2: Strikes out looking
|
|
Batting: SHB Roberto Magne
|
0-0: Ball 1-0: Foul Ball, location: 2F 1-1: Ball 2-1: Foul Ball, location: 2F 2-2: Ball 3-2: Strikes out swinging
|
|
Batting: SHB Scott Scott
|
0-0: Ground out 4-3 (Groundball, 4, EV 81.9 MPH)
|
| Top of the 4th over - 0 runs, 0 hits, 0 errors, 0 left on base; New York 0 - Philadelphia 0 |
| BOTTOM OF THE 4TH |
|
Philadelphia Phillies batting - Pitching for New York Mets : RHP Chris Painter
|
|
Batting: SHB Billy Encinias
|
0-0: Foul Ball, location: 2F 0-1: SINGLE (Line Drive, 8RS, EV 94.4 MPH)
|
|
Batting: LHB Nick Canizales
|
0-0: Swinging Strike 0-1: Foul Ball, location: 2F 0-2: Ball 1-2: Ball 2-2: Ball 3-2: Foul Ball, location: 2F 3-2: Foul Ball, location: 2F 3-2: Base on Balls Billy Encinias to second
|
|
Batting: LHB Xavier Pittman
|
0-0: Called Strike 0-1: Ball 1-1: Ball 2-1: Foul Ball, location: 2F 2-2: Ball 3-2: SINGLE (Groundball, 4MD, EV 108.1 MPH) (infield hit) Billy Encinias to third Nick Canizales to second
|
|
Batting: LHB Osamu Kubo
|
0-0: Ball 1-0: Called Strike 1-1: Hit by Pitch Billy Encinias scores Nick Canizales to third Xavier Pittman to second
|
|
Batting: SHB Lance Franklin
|
0-0: Ball 1-0: Ball 2-0: Ball 3-0: Called Strike 3-1: Foul Ball, location: 2F 3-2: Base on Balls Nick Canizales scores Xavier Pittman to third Osamu Kubo to second
|
|
Batting: LHB Eric Katz
|
0-0: Called Strike 0-1: Ball 1-1: Ball 2-1: Grounds into double play, 5-4-3 (Groundball, 56, EV 104.4 MPH) Xavier Pittman scores Osamu Kubo to third
|
|
Batting: LHB Ryan Trombley
|
0-0: Ball 1-0: Ball 2-0: Ball 3-0: Called Strike 3-1: Foul Ball, location: 2F 3-2: Strikes out swinging
|
| Bottom of the 4th over - 3 runs, 2 hits, 0 errors, 1 left on base; New York 0 - Philadelphia 3 |
| TOP OF THE 5TH |
|
New York Mets batting - Pitching for Philadelphia Phillies : LHP Marko Emchenko
|
|
Batting: LHB Sal Fernandez
|
0-0: Ball 1-0: Ball 2-0: Ball 3-0: Swinging Strike 3-1: Swinging Strike 3-2: Strikes out swinging
|
|
Batting: SHB Scott Bartholomew
|
0-0: Called Strike 0-1: Ball 1-1: Ball 2-1: Swinging Strike 2-2: Strikes out swinging
|
|
Batting: SHB Nelle van den Berg
|
0-0: Called Strike 0-1: Foul Ball, location: 2F 0-2: Foul Ball, location: 2F 0-2: Ball 1-2: SINGLE (Groundball, 34D, EV 100.6 MPH)
|
|
Batting: SHB Gus Berry
|
0-0: Ball 1-0: Called Strike 1-1: Called Strike 1-2: Fielders Choice at 2nd, 6-4 (Groundball, 56, EV 88.1 MPH)
|
| Top of the 5th over - 0 runs, 1 hit, 0 errors, 1 left on base; New York 0 - Philadelphia 3 |
| BOTTOM OF THE 5TH |
|
Philadelphia Phillies batting - Pitching for New York Mets : RHP Chris Painter
|
|
Batting: RHB Josh Hensley
|
0-0: Ground out 3-1 (Groundball, 34, EV 98.1 MPH)
|
|
Batting: RHB Melchor Sovrivilla
|
0-0: Ground out 4-3 (Groundball, 4M, EV 105.6 MPH)
|
|
Batting: SHB Billy Encinias
|
0-0: Ball 1-0: Fly out, F8 (Flyball, 8RD, EV 92.5 MPH)
|
| Bottom of the 5th over - 0 runs, 0 hits, 0 errors, 0 left on base; New York 0 - Philadelphia 3 |
| TOP OF THE 6TH |
|
New York Mets batting - Pitching for Philadelphia Phillies : LHP Marko Emchenko
|
|
Batting: SHB Sean Cook
|
0-0: SINGLE (Groundball, 13S, EV 71.9 MPH) (infield hit)
|
|
Batting: RHB Jesus Chavez
|
0-0: Hit by Pitch Sean Cook to second
|
|
Batting: SHB Jonathan Jenkins
|
0-0: Ball 1-0: Ball 2-0: Called Strike 2-1: Swinging Strike 2-2: Strikes out swinging
|
|
Batting: SHB Roberto Magne
|
0-0: Foul Ball, location: 2F 0-1: Called Strike 0-2: Strikes out swinging
|
|
Batting: SHB Scott Scott
|
0-0: Ball 1-0: Fly out, F8 (Line Drive, 8LM, EV 98.1 MPH)
|
| Top of the 6th over - 0 runs, 1 hit, 0 errors, 2 left on base; New York 0 - Philadelphia 3 |
| BOTTOM OF THE 6TH |
|
Philadelphia Phillies batting - Pitching for New York Mets : RHP Chris Painter
|
|
Batting: LHB Nick Canizales
|
0-0: Ball 1-0: Ball 2-0: Ball 3-0: Base on Balls
|
|
Batting: LHB Xavier Pittman
|
0-0: Called Strike Nick Canizales is caught stealing 2nd base 2-6 0-1: Foul Ball, location: 2F 0-2: Ball 1-2: Ball 2-2: Foul Ball, location: 2F 2-2: Fly out, F8 (Flyball, 78S, EV 90.6 MPH)
|
|
Batting: LHB Osamu Kubo
|
0-0: Ball 1-0: Ball 2-0: Ball 3-0: Base on Balls
|
|
Batting: SHB Lance Franklin
|
0-0: Ball 1-0: Swinging Strike 1-1: Fly out, F7 (Flyball, 7, EV 90.6 MPH)
|
| Bottom of the 6th over - 0 runs, 0 hits, 0 errors, 1 left on base; New York 0 - Philadelphia 3 |
| TOP OF THE 7TH |
|
New York Mets batting - Pitching for Philadelphia Phillies : LHP Marko Emchenko
|
|
Batting: LHB Sal Fernandez
|
0-0: Ball 1-0: SINGLE (Line Drive, 9LS, EV 98.8 MPH)
|
|
Batting: SHB Scott Bartholomew
|
0-0: Swinging Strike 0-1: Ball 1-1: Swinging Strike 1-2: Ball 2-2: Ball 3-2: Foul Ball, location: 2F 3-2: Strikes out swinging Sal Fernandez is caught stealing 2nd base 2-4 Batter strikes out.
|
|
Batting: SHB Nelle van den Berg
|
0-0: Foul Ball, location: 2F 0-1: Ball 1-1: Foul Ball, location: 2F 1-2: Ground out 5-3 (Groundball, 56S, EV 85.6 MPH)
|
| Top of the 7th over - 0 runs, 1 hit, 0 errors, 0 left on base; New York 0 - Philadelphia 3 |
| BOTTOM OF THE 7TH |
|
Philadelphia Phillies batting - Pitching for New York Mets : RHP Chris Painter
|
|
Batting: LHB Eric Katz
|
0-0: Called Strike 0-1: Ball 1-1: Foul Ball, location: 2F 1-2: Ground out 4-3 (Groundball, 4, EV 96.2 MPH)
|
|
Batting: LHB Ryan Trombley
|
0-0: Foul Ball, location: 2F 0-1: Fly out, F6 (Line Drive, 6MD, EV 65.0 MPH)
|
|
Batting: RHB Josh Hensley
|
0-0: Ball 1-0: Foul Ball, location: 2F 1-1: SINGLE (Groundball, 6MD, EV 97.5 MPH)
|
|
Batting: RHB Melchor Sovrivilla
|
0-0: Foul Ball, location: 2F 0-1: Called Strike 0-2: Ball 1-2: Fly out, F8 (Flyball, 8LXD, EV 92.5 MPH)
|
| Bottom of the 7th over - 0 runs, 1 hit, 0 errors, 1 left on base; New York 0 - Philadelphia 3 |
| TOP OF THE 8TH |
|
New York Mets batting - Pitching for Philadelphia Phillies : LHP Marko Emchenko
|
|
Pitching: RHP Nick Turner
|
|
|
Batting: SHB Gus Berry
|
0-0: Ball 1-0: Ball 2-0: Ball 3-0: Called Strike 3-1: Base on Balls
|
|
Batting: SHB Sean Cook
|
0-0: Ball 1-0: Ball 2-0: Ball 3-0: Base on Balls Gus Berry to second
|
|
Batting: RHB Jesus Chavez
|
0-0: Ball 1-0: Foul Ball, location: 2F 1-1: Hit by Pitch Gus Berry to third Sean Cook to second
|
|
Batting: SHB Jonathan Jenkins
|
0-0: Ball 1-0: Called Strike 1-1: Foul Ball, location: 2F 1-2: Ball 2-2: Strikes out swinging
|
|
Batting: SHB Roberto Magne
|
0-0: Ball 1-0: Called Strike 1-1: Foul Ball, location: 2F 1-2: SINGLE (Groundball, 6D, EV 98.8 MPH) Gus Berry scores Sean Cook to third Jesus Chavez to second Runner from 3rd tries for Home, throw by CF and OUT! 8-2
|
|
Batting: SHB Scott Scott
|
0-0: Called Strike 0-1: Foul Ball, location: 2F 0-2: Ball 1-2: Foul Ball, location: 2F 1-2: Ball 2-2: Strikes out looking
|
| Top of the 8th over - 1 run, 1 hit, 0 errors, 2 left on base; New York 1 - Philadelphia 3 |
| BOTTOM OF THE 8TH |
|
Philadelphia Phillies batting - Pitching for New York Mets : RHP Chris Painter
|
|
Pitching: LHP Sam Schrecengost
|
|
|
Batting: SHB Billy Encinias
|
0-0: Called Strike 0-1: Foul Ball, location: 2F 0-2: Strikes out looking
|
|
Batting: LHB Nick Canizales
|
0-0: Foul Ball, location: 2F 0-1: TRIPLE (Line Drive, 8RXD, EV 100.0 MPH)
|
|
Batting: LHB Xavier Pittman
|
0-0: Intentional Walk
|
|
Batting: LHB Osamu Kubo
|
|
|
Pinch Hitting: RHB Chef Belew
|
0-0: Fly out, F8 (Flyball, 8LD, EV 100.6 MPH) Runner from 3rd tags up, OUT at HOME! 8-2
|
| Bottom of the 8th over - 0 runs, 1 hit, 0 errors, 1 left on base; New York 1 - Philadelphia 3 |
| TOP OF THE 9TH |
|
New York Mets batting - Pitching for Philadelphia Phillies : RHP Nick Turner
|
|
Pitching: RHP Jamie Verberkmoes
|
|
|
Now in RF: Mike Davis
|
|
|
Batting: LHB Sal Fernandez
|
0-0: Ground out 1-3 (Groundball, 13S, EV 61.9 MPH)
|
|
Pinch Hitting: LHB Kevin Bellman
|
0-0: Called Strike 0-1: Called Strike 0-2: Foul Ball, location: 2F 0-2: Ball 1-2: Strikes out swinging
|
|
Batting: SHB Nelle van den Berg
|
0-0: Ball 1-0: Ball 2-0: Ball 3-0: Base on Balls
|
|
Batting: SHB Gus Berry
|
0-0: Ball 1-0: Fielders Choice at 2nd, U6 (Groundball, 6M, EV 84.4 MPH)
|
| Top of the 9th over - 0 runs, 0 hits, 0 errors, 1 left on base; New York 1 - Philadelphia 3 |
|